 Dungeon Crawl Stone Soup version 0.22-a0-373-gab1296c (webtiles) character file.

245 iamserjio the Bolt Thrower (level 6, -2/35 HPs)
             Began as a Kobold Hunter on Apr 25, 2018.
             Slain by Jessica
             ... wielding a +0 dagger
              (6 damage)
             ... on level 3 of the Dungeon.
             The game lasted 00:04:04 (1692 turns).

iamserjio the Bolt Thrower (Kobold Hunter)          Turns: 1692, Time: 00:04:05

Health: -2/35      AC:  3    Str: 12    XL:     6   Next: 32%
Magic:  6/6        EV: 16    Int: 12    God:
Gold:   119        SH:  0    Dex: 15    Spells: 5/5 levels left

rFire    . . .     SeeInvis .   a - +1 hand crossbow
rCold    . . .     Gourm    .   (shield restricted)
rNeg     . . .     Faith    .   c - +0 leather armour
rPois    .         Spirit   .   (no helmet)
rElec    .         Reflect  .   (no cloak)
rCorr    .         Harm     .   (no gloves)
MR       .....                  (no boots)
Stlth    ++........             (no amulet)
HPRegen  0.11/turn              (no ring)
MPRegen  0.10/turn              (no ring)

@: no status effects
A: small, carnivore
a: no special abilities


You were on level 3 of the Dungeon.
You were not hungry.

You visited 1 branch of the dungeon, and saw 3 of its levels.

You collected 119 gold pieces.

Inventory:

Hand Weapons
 a - a +1 hand crossbow (weapon)
 i - a +0 rapier
Missiles
 d - 28 bolts (quivered)
Armour
 c - a +0 leather armour (worn)
 j - a +0 helmet
Magical Staves
 k - an uncursed staff of fire {unknown}
Scrolls
 b - a scroll of magic mapping {unknown}
 e - a scroll of fear {unknown}
 g - a scroll of enchant armour {unknown}
 m - a scroll of blinking {unknown}
Potions
 h - a potion of might {unknown}
Comestibles
 f - 7 rations
 l - 2 chunks of flesh


   Skills:
 - Level 2.1 Fighting
 * Level 7.0 Crossbows
 + Level 2.1 Armour
 + Level 4.2 Dodging
 - Level 1.3 Stealth


You had 5 spell levels left.
You didn't know any spells.

Dungeon Overview and Level Annotations

Branches:
Dungeon (3/15)

Altars:
Yredelemnul

Annotations:
D:3 Jessica


Innate Abilities, Weirdness & Mutations

You are small and have problems with some larger weapons.
You are carnivorous and can eat meat at any time.


Message History

You are too injured to fight recklessly!
You are too injured to fight recklessly!
Firing (i - inventory)
d - 30 bolts (quivered)
Press: ? - help, Shift-Dir - straight line, f - bat
Aim: a bat You shoot a bolt.
The bolt closely misses the bat.
The bat closely misses you. x2
Firing (i - inventory)
d - 29 bolts (quivered)
Press: ? - help, Shift-Dir - straight line, f/p - bat
Aim: a bat You shoot a bolt.
The bolt barely misses the bat.
The bat barely misses you. The bat closely misses you.
Things that are here:
a blowgun; 2 poisoned needles Jessica shouts, "You're disturbing me!
I'll have to kill you!"
Jessica mumbles some strange words.
Jessica blinks!
The bat barely misses you. Jessica closely misses you.
There is a stone staircase leading up here.
The bat closely misses you. Jessica hits you with a dagger.
You die...

.......#.......()........
....+...(##l....#########
... ####.######.# .. ....
#.# # ##..## #)# #..#
###.## #..# #.b.l# #..#
#.#.@# ..# #.#.@# . #.##
.....# #.##### #.


You could see Jessica, a bat and a frilled lizard.

Vanquished Creatures
  Sigmund (D:3)
  4 adders (D:2)
  An ooze (D:2)
  A worm (D:2)
  A dart slug (D:2)
  3 leopard geckos
  2 giant cockroaches
  2 hobgoblins (D:2)
  2 jackals (D:2)
  2 quokkas (D:2)
  6 bats
  3 frilled lizards
  6 goblins
  5 kobolds
  5 rats (D:2)
44 creatures vanquished.

Notes
Turn   | Place    | Note
-------+----------+-------------------------------------------
     0 | D:1      | iamserjio the Kobold Hunter began the quest for the Orb.
     0 | D:1      | Reached XP level 1. HP: 12/12 MP: 1/1
   159 | D:1      | Reached skill level 5 in Crossbows
   199 | D:1      | Reached XP level 2. HP: 15/17 MP: 2/2
   841 | D:2      | Reached XP level 3. HP: 21/21 MP: 3/3
   916 | D:2      | Reached skill level 1 in Armour
   995 | D:2      | Reached XP level 4. HP: 26/26 MP: 4/4
  1147 | D:2      | Found a basalt altar of Yredelemnul.
  1189 | D:2      | Reached skill level 6 in Crossbows
  1628 | D:3      | Noticed Sigmund
  1639 | D:3      | Killed Sigmund
  1639 | D:3      | Reached skill level 7 in Crossbows
  1639 | D:3      | Reached XP level 5. HP: 9/30 MP: 5/5
  1639 | D:3      | Reached XP level 6. HP: 11/35 MP: 6/6
  1661 | D:3      | Noticed Jessica
  1692 | D:3      | Slain by Jessica

Vault maps used:
D:1:      wheals_arrival_linesprint
D:2:      lemuel_coloured_pillars_altar
D:3:      old_standard_altar, gup_sewer_entry_bubbles, eino_tiny_chamber,
          hangedman_abyss_or_decor_lesser_grid, uniq_sigmund, uniq_jessica

Skill      XL: |  1  2  3  4 |
---------------+-------------+-----
Crossbows      | 5 7 |  7.0
Armour         | 1 2 |  2.1
Dodging        | 3 4 |  4.2
Fighting       | |  2.1
Stealth        | |  1.3

Action                   |  1- 3 |  4- 6 || total
-------------------------+-------+-------++-------
 Fire: Hand crossbow     |    49 |    49 ||    98
  Eat: Chunk             |       |     3 ||     3
Armor: Leather armour    |     1 |     5 ||     6
Dodge: Dodged            |     2 |    30 ||    32

Table legend:
 A = Spawn XP
 B = Non-spawn XP
 C = Spawn XP percentage of total XP
 D = Spawn monster count
 E = Non-spawn monster count
 F = Spawn count percentage of total count
 G = Total turns spent on level
                    A         B        C        D         E        F      G
               +---------+---------+-------+---------+---------+-------+---------
         Total |       0 |     350 |   0.0 |       0 |      44 |   0.0 |  1692
               +---------+---------+-------+---------+---------+-------+---------
           D:1 |       0 |      12 |   0.0 |       0 |      10 |   0.0 |   782
           D:2 |       0 |     111 |   0.0 |       0 |      31 |   0.0 |   837
           D:3 |       0 |     227 |   0.0 |       0 |       3 |   0.0 |    73
               +---------+---------+-------+---------+---------+-------+---------
